cohdb
Replays
Latest Replays
All Replays
Popular Replays
Top Player Replays
Match Explorer
How It Works
Community
CoH3 Stats
Reddit
Sign in to upload your games and track your stats! →
Sign in with Steam
Match 47329004
Unlisted
Match 47329004
Overview
Messages
Build Orders
End
Kradschützen Motorcycle Team
Panzergrenadier Squad
Panzerpioneer Squad
Panzerpioneer Squad
Construct Light Support Kompanie
Fire Support Elements
Flakvierling Half-track
Vehicle Survival Package
Tungsten Core Ammunition
Panzerjäger Mechanized Group
Selects Armored Support Battlegroup
Selects Salvage Kits
Selects Veteran Gunners
2.5-tonne Medical Truck
Construct Panzerarmee Kommand
Selects Panzer Storm
Pak 38 Anti-tank Gun Team
Flakvierling Half-track
Pak 38 Mechanized Group
Emergency Repair Kits
Selects Stuka Dive Bomb
Stuka Dive Bomb
Panzer III L Medium Tank
Walking Stuka Rocket Launcher
Stuka Dive Bomb
Pak 38 Anti-tank Gun Team
Pak 38 Anti-tank Gun Team
Stuka Dive Bomb
Flak 36 Anti-tank Gun Team
Starfucker
CantCNC
Lalo
Spacejelly
Deamonik
shor
ElakeFisk
Carecup
0
0
Comments
sign in to comment!
No comments posted yet!